 Dungeon Crawl Stone Soup version 0.20-a0-303-g575bbf7 (webtiles) character file.

39 Havercy the Skirmisher (level 3, -5/34 HPs)
             Began as a Naga Fighter on Dec 16, 2016.
             Slain by a worm (9 damage)
             ... on level 2 of the Dungeon.
             The game lasted 00:00:59 (1066 turns).

Havercy the Skirmisher (Naga Fighter)               Turns: 1066, Time: 00:01:00

Health: -5/34      AC:  4    Str: 23    XL:     3   Next: 47%
Magic:  3/3        EV:  5    Int:  8    God:
Gold:   47         SH:  9    Dex: 11    Spells: 2/2 levels left

rFire  . . .     SeeInvis +     a - +0 trident
rCold  . . .     Gourm    .     b - +0 scale mail
rNeg   . . .     Faith    .     c - +0 shield
rPois  +         Spirit   .     (no helmet)
rElec  .         Reflect  .     (no cloak)
rCorr  .         Harm     .     (no gloves)
MR     .....                    (no barding)
Stlth  ..........               (no amulet)
                                (no ring)
                                (no ring)

@: mighty, very slow
A: see invisible, deformed body, poison resistance, slowness 2, slow metabolism
1, spit poison 1, AC +1
a: Spit Poison


You were on level 2 of the Dungeon.
You were not hungry.

You visited 1 branch of the dungeon, and saw 2 of its levels.

You collected 47 gold pieces.

Inventory:

Hand Weapons
 a - a +0 trident (weapon)
Armour
 b - a +0 scale mail (worn)
 c - a +0 shield (worn)
Scrolls
 g - 2 scrolls of identify {unknown}
 h - a scroll of enchant weapon {unknown}
 j - a scroll of enchant armour {unknown}
 k - a scroll of recharging {unknown}
Potions
 e - a potion of curing {unknown}
 i - a potion of resistance {unknown}
Comestibles
 f - 2 bread rations
 l - a beef jerky
 m - 4 fruits


   Skills:
 + Level 3.1 Fighting
 * Level 2.4 Polearms
 + Level 2.8 Armour
 + Level 0.1 Dodging
 * Level 2.9 Shields


You had 2 spell levels left.
You didn't know any spells.

Dungeon Overview and Level Annotations

Branches:
Dungeon (2/15)

Altars:


Innate Abilities, Weirdness & Mutations

You cannot wear boots.
Your serpentine skin is tough. (AC +1)
You have supernaturally acute eyesight. (SInv)
Armour fits poorly on your strangely shaped body.
Your system is resistant to poisons. (rPois)
You cover ground very slowly.
You have a slow metabolism.
You can spit poison.


Message History

Unknown command.
Attack whom?
Press: ? - help, Dir - move target cursor, f - worm
Aim: a worm You reach to attack!
You barely miss the worm.
Attack whom?
Press: ? - help, Dir - move target cursor, f/p - worm
Aim: a worm You hit the worm.
The worm is lightly wounded.
You block the worm's attack.
Attack whom?
Press: ? - help, Dir - move target cursor, f/p - worm
Aim: a worm (lightly wounded)
You reach to attack!
You puncture the worm!
The worm is heavily wounded.
You enter the shallow water.
Moving in this stuff is going to be slow.
The worm bites you!
You die...

#...............#
####..###....###...##
.....#...#..#...#...#########.
.....#.⌠.#..#.⌠.#...##g.......
.....#...#≈≈#...#..((.()......
...#.≈###≈≈≈≈###≈.#.)###......
...#..≈≈≈≈≈≈≈≈≈≈..##.# .≈≈..
...#..≈≈≈≈≈≈≈≈≈≈.....# g!≈.
...#.≈###≈≈≈≈###@....# w≈.
...#.#. ≈ #..w#....# ..
####.#.⌠ #.⌠.#/##)# ⌠ .#..
#...#.##.# #....###..##.#
.............# ..###....##...#
. #....#....# #....#..#..#


You could see a worm.

Vanquished Creatures
  An adder (D:2)
  A dart slug (D:1)
  A giant cockroach (D:1)
  6 goblins
  4 hobgoblins
  3 jackals (D:1)
  2 kobolds (D:1)
  4 bats (D:1)
  2 frilled lizards
  2 rats (D:1)
26 creatures vanquished.

Notes
Turn   | Place    | Note
-------+----------+-------------------------------------------
     0 | D:1      | Havercy the Naga Fighter began the quest for the Orb.
     0 | D:1      | Reached XP level 1. HP: 21/21 MP: 1/1
     2 | D:1      | Noticed an octopode
     2 | D:1      | Noticed a merfolk
     4 | D:1      | Noticed a dwarf
     6 | D:1      | Noticed a gargoyle
     6 | D:1      | Noticed a naga
     8 | D:1      | Noticed a human
    10 | D:1      | Noticed a draconian
    10 | D:1      | Noticed a demonspawn
    12 | D:1      | Noticed a minotaur
    12 | D:1      | Noticed a spriggan
    14 | D:1      | Noticed an ogre
    14 | D:1      | Noticed a centaur
    16 | D:1      | Noticed a halfling
    16 | D:1      | Noticed a felid
    18 | D:1      | Noticed a tengu
    18 | D:1      | Noticed an elf
    20 | D:1      | Noticed a formicid
    20 | D:1      | Noticed a ghoul
    24 | D:1      | Noticed a vine stalker
    24 | D:1      | Noticed a demigod
    26 | D:1      | Noticed a troll
    26 | D:1      | Noticed a vampire
   108 | D:1      | Reached XP level 2. HP: 23/28 MP: 2/2
   888 | D:2      | Reached XP level 3. HP: 26/34 MP: 3/3
  1066 | D:2      | Slain by a worm

Vault maps used:
D:1:      kb_arrival_jail
D:2:      cheibrodos_helix_gallery, okawaru_trees_2, fountainhead,
          minmay_item_behind_shaft

Action                   || total
-------------------------++-------
Melee: Trident           ||    92
  Use: Potion            ||     1
Armor: Scale mail        ||    36
Dodge: Dodged            ||    13
Block: Shield            ||    32
